 Dungeon Crawl Stone Soup version 0.31.0-11-ge490571c62 (webtiles) character file.

Game seed: 5381525906424623715

237 qw the Shooter (level 5, -1/26 HPs)
             Began as a Spriggan Hunter on Feb 3, 2024.
             Was an Initiate of Okawaru.
             Slain by a killer bee (8 damage)
             ... on level 4 of the Dungeon.
             The game lasted 00:00:11 (2253 turns).

qw the Shooter (Spriggan Hunter)                    Turns: 2253, Time: 00:00:11

Health: -1/26      AC:  3    Str:  7    XL:     5   Next: 77%
Magic:  6/6        EV: 20    Int: 10    God:    Okawaru [......]
Gold:   126        SH:  0    Dex: 21    Spells: 4/4 levels left

rFire   . . .        a - +0 shortbow
rCold   + . .        (shield currently unavailable)
rNeg    . . .        c - +0 robe
rPois   .            (helmet restricted)
rElec   .            h - +0 cloak
rCorr   .            (gloves unavailable)
SInv    +            (boots unavailable)
Will    .....        d - amulet of regeneration
Stlth   ++           l - ring of protection from cold
HPRegen 1.04/turn    (no ring)
MPRegen 0.10/turn

%: no passive effects
@: very quick
A: very small, no large weapons, unfitting armour, see invisible, speed 3
a: Renounce Religion


You were on level 4 of the Dungeon.
You worshipped Okawaru.
Okawaru was noncommittal.
You visited 1 branch of the dungeon, and saw 4 of its levels.

You collected 126 gold pieces.


Innate Abilities, Weirdness & Mutations

You are very small and have problems with some larger weapons.
You are too small for most types of armour.
You have supernaturally acute eyesight. (SInv)
You cover ground extremely quickly. (Speed+++)


   Skills:
 - Level 2.0 Fighting
 - Level 6.0 Ranged Weapons
 + Level 5.1 Dodging
 - Level 1.5 Stealth


You had 4 spell levels left.
You didn't know any spells.
Your spell library was empty.

Inventory:

Hand Weapons
 a - a +0 shortbow (weapon)
Armour
 c - a +0 robe (worn)
 h - a +0 cloak (worn)
Jewellery
 d - an amulet of regeneration (around neck)
 l - a ring of protection from cold (left hand)
 m - a ring of protection from cold
Wands
 b - a wand of flame (4)
 j - a wand of paralysis (6)
Scrolls
 i - 3 scrolls of teleportation
Potions
 e - a potion of enlightenment
 f - a potion of curing
 g - 2 potions of brilliance {unknown}
 k - a potion of heal wounds
 n - a potion of mutation {unknown}
 o - a potion of degeneration {unknown}

Dungeon Overview and Level Annotations

Branches:
Dungeon (4/15)
 Temple: D:4-7

Altars:
Elyvilon
Okawaru

Shops:
D:2 [


Message History

You shoot an arrow. The arrow misses the killer bee.
The arrow hits the killer bee but does no damage.
You feel very sick. The killer bee barely misses you.
The killer bee stings you. The killer bee barely misses you.
You shoot an arrow. The arrow hits the killer bee.
The killer bee is moderately wounded.
You feel very sick. The killer bee closely misses you.
The killer bee misses you.
You shoot an arrow. The arrow misses the killer bee.
The arrow hits the killer bee!
The killer bee is heavily wounded.
You feel sick. The killer bee closely misses you.
The killer bee completely misses you.
The bullfrog snags a nearby small bird with its tongue.
You shoot an arrow. The arrow hits the killer bee!
The killer bee is almost dead.
You feel sick. The killer bee misses you.
The killer bee stings you but does no damage.
The killer bee closely misses you.
You shoot an arrow. The arrow hits the killer bee.
The killer bee is almost dead.
You feel sick.
The killer bee stings you but does no damage.
The killer bee misses you.
You shoot an arrow. The arrow hits the killer bee.
You kill the killer bee!
Okawaru accepts your kill.
You feel sick. The killer bee stings you.
Your Ranged Weapons skill increases to level 6!
You shoot an arrow.
The arrow hits the killer bee but does no damage.
The killer bee is moderately wounded.
You feel sick. The killer bee misses you. The killer bee closely misses you.
You shoot an arrow. The arrow hits the killer bee.
The killer bee is severely wounded.
You feel sick.
You are no longer poisoned.
The killer bee stings you!
You die...

####..............##
........F.........#
#..#..s.).....###
#....<..#####
#%.###### ##.s##
##Fy# ########
##y###...[..#
####@........##
#....)........#
#.............#
##.....[......##
#......<......#
#...........[.#
##............######
#..........%.......
##..<.........####.


You could see a bullfrog, a scorpion and 2 killer bees.

Vanquished Creatures
  A killer bee (D:4)
  6 adders
  5 gnolls
  2 dart slugs
  4 ribbon worms
  An orc (D:4)
  10 bats
  8 endoplasms
  3 giant cockroaches
  8 goblins
  6 hobgoblins
  7 jackals
  2 ball pythons (D:1)
  5 frilled lizards
  7 kobolds
  5 rats
80 creatures vanquished.

Notes
Turn   | Place    | Note
-------+----------+-------------------------------------------
     0 | D:1      | qw the Spriggan Hunter began the quest for the Orb.
     0 | D:1      | Reached XP level 1. HP: 10/10 MP: 2/2
     0 | D:1      | 0 ||| qw: Version: 0.3-a-158-g18b3111
     0 | D:1      | 0 ||| qw: Game counter: 4194
     0 | D:1      | 0 ||| qw: Melee chars always use a shield: true
     0 | D:1      | 0 ||| qw: God list: Okawaru
     0 | D:1      | 0 ||| qw: Allow faded altars: false
     0 | D:1      | 0 ||| qw: Do Orc after clearing Dungeon:15 true
     0 | D:1      | 0 ||| qw: Do second Lair branch before Depths: true
     0 | D:1      | 0 ||| qw: Lair rune preference: random
     0 | D:1      | 0 ||| qw: Goals: Normal
     0 | D:1      | 0 ||| PLANNING D:1-11
    63 | D:1      | Reached skill level 3 in Dodging
   178 | D:1      | Reached XP level 2. HP: 14/14 MP: 3/3
   256 | D:1      | Reached XP level 3. HP: 18/18 MP: 4/4
   489 | D:1      | 489 ||| UPGRADING to +0 cloak.
   494 | D:1      | 494 ||| UPGRADING to amulet of regeneration.
   499 | D:1      | 499 ||| READING scroll labelled REARAI SYISU.
   500 | D:1      | 500 ||| READING scroll labelled ITAULI ZUEPPOT.
   501 | D:1      | 501 ||| READING 3 scrolls labelled ZOIHILEUCO.
   505 | D:1      | 505 ||| DROPPING scroll of butterflies.
   638 | D:2      | 638 ||| RETREEEEATING.
   642 | D:2      | Reached skill level 5 in Ranged Weapons
   650 | D:2      | Reached XP level 4. HP: 16/22 MP: 5/5
   906 | D:2      | Found Xitiwk's Armour Shoppe.
  1112 | D:2      | 1112 ||| DROPPING amulet of magic regeneration.
  1113 | D:2      | 1113 ||| DROPPING +6 ring of intelligence.
  1114 | D:2      | 1114 ||| READING scroll labelled ODWAJUULUI.
  1215 | D:2      | 1215 ||| READING scroll labelled HUIMECL IKHLEC.
  1216 | D:2      | 1216 ||| READING scroll labelled CIPHIB QESE.
  1216 | D:2      | 1216 ||| IDENTIFYING fizzy blue potion
  1217 | D:2      | 1217 ||| READING scroll labelled ALYANE DICO.
  1218 | D:2      | 1218 ||| READING scroll labelled QOADEU OQ EFU.
  1319 | D:2      | 1319 ||| DRINKING 2 bubbling white potions.
  1437 | D:3      | Found an iron altar of Okawaru.
  1438 | D:3      | 1438 ||| PLANNING OKAWARU WORSHIP
  1439 | D:3      | 1439 ||| DROPPING amulet of the acrobat.
  1441 | D:3      | Reached XP level 5. HP: 26/26 MP: 6/6
  1441 | D:3      | Found a white marble altar of Elyvilon.
  1448 | D:3      | Became a worshipper of Warmaster Okawaru
  1449 | D:3      | 1449 ||| PLANNING D:1-11
  1509 | D:3      | Found a faded altar of an unknown god.
  2114 | D:3      | 2114 ||| UPGRADING to ring of protection from cold.
  2115 | D:3      | 2115 ||| READING scroll of identify.
  2115 | D:3      | 2115 ||| IDENTIFYING ruby potion
  2116 | D:3      | 2116 ||| READING scroll labelled TADWE MA WEGGE.
  2227 | D:4      | 2227 ||| RETREEEEATING.
  2228 | D:4      | 2228 ||| RETREEEEATING.
  2229 | D:4      | 2229 ||| RETREEEEATING.
  2230 | D:4      | 2230 ||| RETREEEEATING.
  2231 | D:4      | 2231 ||| RETREEEEATING.
  2232 | D:4      | 2232 ||| RETREEEEATING.
  2233 | D:4      | 2233 ||| RETREEEEATING.
  2234 | D:4      | 2234 ||| RETREEEEATING.
  2235 | D:4      | 2235 ||| RETREEEEATING.
  2236 | D:4      | 2236 ||| RETREEEEATING.
  2237 | D:4      | 2237 ||| RETREEEEATING.
  2238 | D:4      | 2238 ||| RETREEEEATING.
  2239 | D:4      | 2239 ||| RETREEEEATING.
  2240 | D:4      | 2240 ||| RETREEEEATING.
  2241 | D:4      | 2241 ||| RETREEEEATING.
  2252 | D:4      | Reached skill level 6 in Ranged Weapons
  2253 | D:4      | Slain by a killer bee

Levels and vault maps discovered:
D:1:      minmay_arrival_four_houses, layout_rooms, solitary_fountain
D:2:      kennysheep_six_static_rooms, layout_rooms, serial_shops, shop,
          hex_medium
D:3:      layout_basic, overflow_temple_1_default,
          mainiacjoe_overflow_six_doors_small,
          ebering_ecumenical_altar_abandoned
D:4:      layout_cave_pods, nemelex_diamond_rough_becter,
          hangedman_feature_mirror

Skill      XL: |  1  2  3  4  5 |
---------------+----------------+-----
Dodging        | 3 4 5 |  5.1
Ranged Weapons | 5 6 |  6.0
Fighting       | 2 |  2.0
Stealth        | |  1.5

Action                     |  1- 3 |  4- 6 || total
---------------------------+-------+-------++-------
   Fire: Shortbow          |    94 |   172 ||   266
    Use: Scroll            |     3 |     7 ||    10
         Potion            |       |     1 ||     1
 Armour: Robe              |    18 |    22 ||    40
  Dodge: Dodged            |    49 |    78 ||   127

Table legend:
 A = Non-vault XP
 B = Vault XP
 C = Vault XP percentage of total XP
 D = Non-vault monster count
 E = Vault monster count
 F = Vault count percentage of total count
                 A         B        C        D         E       F
            +---------+---------+-------+---------+---------+-------
      Total |     304 |      35 |  10.3 |      73 |       7 |   8.8
            +---------+---------+-------+---------+---------+-------
        D:1 |      51 |       0 |   0.0 |      22 |       0 |   0.0
        D:2 |      98 |      33 |  25.2 |      20 |       6 |  23.1
        D:3 |      78 |       0 |   0.0 |      22 |       0 |   0.0
        D:4 |      77 |       2 |   2.5 |       9 |       1 |  10.0
            +---------+---------+-------+---------+---------+-------
